 Dungeon Crawl Stone Soup version 0.24.1-14-gf8d2b509d9 (webtiles) character file.

Game seed: 16050985813639487758, levelgen mode: deterministic

357 Curus the Cleaver (level 6, -2/51 HPs)
             Began as a Hill Orc Berserker on May 27, 2020.
             Was a Priest of Trog.
             Slain by an orc
             ... wielding a +0 flail
              (6 damage)
             ... on level 4 of the Dungeon.
             The game lasted 00:12:34 (1851 turns).

Curus the Cleaver (Hill Orc Berserker)              Turns: 1851, Time: 00:12:35

Health: -2/51      AC: 10    Str: 20    XL:     6   Next: 64%
Magic:  6/6        EV:  6    Int:  7    God:    Trog [***...]
Gold:   99         SH:  0    Dex: 12    Spells: 5/5 levels left

rFire    . . .     SeeInvis .   a - +0 hand axe
rCold    . . .     Gourm    .   (no shield)
rNeg     . . .     Faith    .   i - +0 plate armour
rPois    .         Spirit   .   (no helmet)
rElec    .         Reflect  .   (no cloak)
rCorr    .         Harm     .   (no gloves)
MR       .....                  (no boots)
Stlth    ..........             (no amulet)
HPRegen  0.17/turn              (no ring)
MPRegen  0.10/turn              (no ring)

@: berserk cooldown, slowed, very slow
A: no striking features
a: Berserk, Trog's Hand, Renounce Religion


You were on level 4 of the Dungeon.
You worshipped Trog.
Trog was most pleased with you.
You were hungry.

You visited 1 branch of the dungeon, and saw 4 of its levels.

You collected 99 gold pieces.

Inventory:

Hand Weapons
 a - a +0 hand axe (weapon)
Armour
 b - a +0 animal skin
 f - a +0 ring mail
 i - a +0 plate armour (worn)
Scrolls
 e - 2 scrolls of identify
Potions
 d - 2 potions of might
Comestibles
 c - 5 rations
 h - a chunk of flesh


   Skills:
 - Level 3.6 Fighting
 + Level 9.5 Axes
 - Level 2.1 Armour
 - Level 1.5 Dodging


You had 5 spell levels left.
You didn't know any spells.
Your spell library was empty.

Dungeon Overview and Level Annotations

Branches:
Dungeon (3/15)

Altars:
Cheibriados
Dithmenos
Ru


Message History

You hear a bark!
You hear a shout!
You hear an angry hiss.
You hit the adder skeleton but do no damage.
The adder skeleton is lightly damaged.
You completely miss the orc.
You completely miss the giant cockroach.
You hit the leopard gecko. The giant cockroach bites you.
* * * LOW HITPOINT WARNING * * *
The adder skeleton bites you but does no damage.
The leopard gecko barely misses you. The orc hits you but does no damage.
A giant cockroach comes into view.
You hit the adder skeleton.
The adder skeleton is moderately damaged.
You hit the leopard gecko. You closely miss the giant cockroach.
Your plate armour prevents you from hitting the orc.
The giant cockroach bites you but does no damage.
The leopard gecko bites you but does no damage.
The adder skeleton bites you but does no damage.
The giant cockroach bites you but does no damage.
The orc hits you with a +0 flail.
You die...

.....♣♣ ......♣
##.......
###s..≈≈≈..
.#..≈≈≈≈≈.
.o.≈≈♣≈≈.
##o.≈≈≈≈≈.
#@Zo.≈≈≈..
#sl.......
.....sh.#.....♣
......>.###.#♣♣
....##### #
.... ... #.


You could see a howler monkey, 3 orcs, a leopard gecko, 3 giant cockroaches and
an adder skeleton.

Vanquished Creatures
  An ogre (D:4)
  A hound (D:4)
  An orc wizard (D:3)
  4 adders
  11 gnolls
  An ooze (D:1)
  4 worms
  A dart slug (D:4)
  3 leopard geckos
  2 orcs (D:3)
  2 giant cockroaches
  4 goblins
  2 hobgoblins
  10 jackals
  9 bats
  3 frilled lizards
  6 kobolds
  7 rats
72 creatures vanquished.

Notes
Turn   | Place    | Note
-------+----------+-------------------------------------------
     0 | D:1      | Curus the Hill Orc Berserker began the quest for the Orb.
     0 | D:1      | Reached XP level 1. HP: 19/19 MP: 1/1
   194 | D:1      | Reached XP level 2. HP: 19/26 MP: 2/2
   248 | D:1      | Reached skill level 5 in Axes
   690 | D:1      | Reached XP level 3. HP: 29/31 MP: 3/3
   818 | D:2      | Reached ** piety under Trog
   976 | D:2      | Reached skill level 6 in Axes
  1023 | D:2      | Found a sacrificial altar of Ru.
  1023 | D:2      | Found a shadowy altar of Dithmenos.
  1024 | D:2      | Found a snail-covered altar of Cheibriados.
  1037 | D:2      | Reached XP level 4. HP: 36/39 MP: 4/4
  1059 | D:2      | Reached skill level 7 in Axes
  1258 | D:2      | Found a faded altar of an unknown god.
  1431 | D:3      | Reached XP level 5. HP: 23/45 MP: 5/5
  1448 | D:3      | HP: 2/45 [something/puff of flame (6)]
  1466 | D:3      | Reached skill level 8 in Axes
  1820 | D:3      | You fall into a shaft and drop 1 floor!
  1821 | D:4      | Noticed an ogre
  1825 | D:4      | HP: 2/67 [ogre/+0 giant spiked club (20)]
  1826 | D:4      | Killed an ogre
  1826 | D:4      | Reached skill level 9 in Axes
  1826 | D:4      | Reached XP level 6. HP: 3/51 MP: 6/6
  1827 | D:4      | Reached *** piety under Trog
  1843 | D:4      | HP: 2/51 [giant cockroach (1)]
  1851 | D:4      | Slain by an orc

Levels and vault maps discovered:
D:1:      dpeg_arrival_windows_large_door, layout_basic
D:2:      layout_rooms, chequers_temple_overflow_statue_of_worship,
          chequers_ecumenical_altar_island
D:3:      layout_loops_corners, nicolae_overflow_crystal_walls, first_ration,
          okawaru_metal_pillars_1_2
D:4:      layout_cave_pools, elyvilon_altar_3

Skill      XL: |  1  2  3  4  5 |
---------------+----------------+-----
Axes           | 5 6 7 9 |  9.5
Fighting       | |  3.6
Armour         | |  2.1
Dodging        | |  1.5

Action                   |  1- 3 |  4- 6 || total
-------------------------+-------+-------++-------
Melee: Hand axe          |   155 |   145 ||   300
Invok: Berserk           |     1 |     2 ||     3
       Trog's Hand       |       |     2 ||     2
  Use: Potion            |     3 |     2 ||     5
       Scroll            |     4 |     1 ||     5
 Stab: Sleeping          |     1 |       ||     1
  Eat: Chunk             |     1 |     2 ||     3
       Ration            |       |     1 ||     1
Armor: Animal skin       |    14 |       ||    14
       Plate armour      |    23 |   158 ||   181
       Ring mail         |     7 |       ||     7
Dodge: Dodged            |    79 |    54 ||   133
